 Dungeon Crawl Stone Soup version 0.29.1-1-gd02db6906a (webtiles) character file.

Game seed: 14823866556334614570

16 ea083 the Trooper (level 2, -1/24 HPs)
             Began as a Human Berserker on Oct 6, 2022.
             Was a Follower of Trog.
             Slain by a gnoll
             ... wielding a +0 club
              (3 damage)
             ... on level 2 of the Dungeon.
             The game lasted 00:07:03 (1095 turns).

ea083 the Trooper (Human Berserker)                 Turns: 1095, Time: 00:07:03

Health: -1/24      AC:  2    Str: 17    XL:     2   Next: 70%
Magic:  2/2        EV: 12    Int:  7    God:    Trog [*.....]
Gold:   80         SH:  0    Dex: 12    Spells: 1/1 levels left

rFire   . . .      SeeInvis .   a - +0 short sword
rCold   . . .      Faith    .   (no shield)
rNeg    . . .      Spirit   .   b - +0 animal skin
rPois   .          Reflect  .   (no helmet)
rElec   .          Harm     .   (no cloak)
rCorr   .          Rampage  .   (no gloves)
Will    .....                   (no boots)
Stlth   +.........              (no amulet)
HPRegen 0.08/turn               (no ring)
MPRegen 0.08/turn               (no ring)

@: no status effects
A: no striking features
a: Renounce Religion, Berserk


You were on level 2 of the Dungeon.
You worshipped Trog.
Trog was aware of your devotion.
You visited 1 branch of the dungeon, and saw 2 of its levels.

You collected 80 gold pieces.

Inventory:

Hand Weapons
 a - a +0 short sword (weapon)
 f - a +0 rapier
Missiles
 d - a stone (quivered)
 e - 3 poisoned darts
Armour
 b - a +0 animal skin (worn)
 c - a +0 leather armour
 g - a +0 ring mail
Scrolls
 h - a scroll of silence {unknown}


   Skills:
 + Level 3.3 Fighting
 + Level 3.3 Short Blades
 + Level 2.0 Armour
 + Level 2.2 Dodging


You had one spell level left.
You didn't know any spells.
Your spell library contained the following spells:

 Spells                   Type           Power      Damage    Failure   Level
 Necrotise                Necr           0%         1d4       43%         1
 Vampiric Draining        Necr           0%         2d6       80%         3
 Agony                    Necr           0%         N/A       100%        5


Dungeon Overview and Level Annotations

Branches:
Dungeon (2/15)

Altars:
Yredelemnul


Message History

The gnoll shouts!
A gnoll comes into view. It is wielding a +0 flail.
A gnoll comes into view. It is wielding a +0 spear.
The gnoll moves out of view.
The gnoll shouts! x2
The gnoll barely misses you. The gnoll attacks as you move away!
The gnoll barely misses you.
You hit the gnoll.
The gnoll is lightly wounded.
The gnoll closely misses you.
You hit the gnoll.
The gnoll is moderately wounded.
The gnoll closely misses you.
You hit the gnoll.
The gnoll is moderately wounded.
The gnoll closely misses you.
You hit the gnoll but do no damage.
The gnoll is moderately wounded.
The gnoll closely misses you.
You hit the gnoll but do no damage.
The gnoll is moderately wounded.
The gnoll hits you with a +0 club.
You hit the gnoll.
The gnoll is heavily wounded.
The gnoll hits you with a +0 club!
You fail to use your ability.
The gnoll barely misses you.
You barely miss the gnoll.
The gnoll is heavily wounded.
The gnoll hits you with a +0 club.
You closely miss the gnoll.
The gnoll is heavily wounded.
The gnoll hits you with a +0 club.
* * * LOW HITPOINT WARNING * * *
You hit the gnoll.
The gnoll is almost dead.
The gnoll hits you with a +0 club.
* * * LOW HITPOINT WARNING * * *
There is an open door here.
The gnoll attacks as you move away! The gnoll hits you with a +0 club.
You die...

#........####
#........'..#
#........##.###
#.......<.....#
#....†........#
#.............#
#..........†..#
#.............#
######@#.#....#
#g#.#.......
#.#.#....###
#g#.#......
#g#.#.######
#g#.#.# ###.#.#
+...#.#
##.........


You could see 4 gnolls.

Vanquished Creatures
  A dart slug (D:1)
  4 ball pythons
  2 hobgoblins (D:1)
  2 quokkas (D:2)
  A bat (D:1)
  A kobold (D:1)
  A rat (D:1)
12 creatures vanquished.

Notes
Turn   | Place    | Note
-------+----------+-------------------------------------------
     0 | D:1      | ea083 the Human Berserker began the quest for the Orb.
     0 | D:1      | Reached XP level 1. HP: 18/18 MP: 1/1
   106 | D:1      | Reached XP level 2. HP: 4/24 MP: 2/2
   818 | D:2      | Found a basalt altar of Yredelemnul.
  1089 | D:2      | HP: 1/24 [gnoll/+0 club (6)]
  1095 | D:2      | Slain by a gnoll

Illustrated notes

Levels and vault maps discovered:
D:1:      scummos_arrival_simple_crosswalls, layout_loops_cross,
          shapermc_ecumenical_altar_totnotflames, nicolae_eternal_life,
          minmay_misc_feat_doors
D:2:      layout_basic, basic_altar, uniq_robin

Action                   || total
-------------------------++-------
Melee: Short sword       ||    64
       Punch             ||     1
Invok: Berserk           ||     2
  Use: Scroll            ||     1
Armor: Animal skin       ||    11
Dodge: Dodged            ||    61
